 Dungeon Crawl Stone Soup version bcrawl-1.41.1 (webtiles) character file.

Game seed: 8952252196625365339

137619 Yshiel the Chiller (level 5, -3/37 HPs)
             Began as a Gnoll Ice Elementalist on Apr 20, 2024.
             Slain by a gnoll
             ... wielding a +0 hand axe
              (7 damage)
             ... on level 3 of the Dungeon.
             The game lasted 00:18:27 (2343 turns).

Yshiel the Chiller (Gnoll Ice Elementalist)         Turns: 2343, Time: 00:18:27

Health: -3/37      AC:  2    Str: 10    XL:     5   Next: 14%
Magic:  4/12       EV: 15    Int: 17    God:
Gold:   234        SH:  0    Dex: 17    Spells: 13/14 levels left

rFire    . . .     GDR:     29% k - +1 dagger
rCold    . . .     SeeInvis .   (no shield)
rNeg     . . .     Gourm    .   a - +0 robe
rPois    .         Faith    .   (no helmet)
rElec    .         Spirit   .   (no cloak)
rCorr    .         Reflect  .   (no gloves)
MR       .....                  (no boots)
Stlth    +++.......             (no amulet)
HPRegen  0.16/turn              (no ring)
MPRegen  0.13/turn              (no ring)

@: very slightly contaminated
A: distributed training, fangs 1, strong nose
a: no special abilities


You were on level 3 of the Dungeon.
You were not hungry.

You visited 1 branch of the dungeon, and saw 3 of its levels.

You collected 234 gold pieces.

Inventory:

Hand Weapons
 f - a +0 short sword
 h - a cursed -1 mace
 k - a +1 dagger (weapon)
Missiles
 b - 217 sling bullets
 m - 174 arrows
 o - 320 stones (quivered)
Armour
 a - a +0 robe (worn)
Wands
 c - a wand of iceblast (1)
Scrolls
 i - a scroll of identify
 j - a scroll of amnesia {unknown}
 l - a scroll of enchant weapon
 p - 2 scrolls of remove curse
 r - a scroll of teleportation {unknown}
 u - a scroll of noise {unknown}
 v - a scroll of immolation {unknown}
Potions
 d - 2 potions of berserk rage
 n - a potion of might {unknown}
 q - a potion of lignification {unknown}
 s - a potion of degeneration {unknown}
 t - a potion of brilliance {unknown}
 w - a potion of magic {unknown}
Comestibles
 e - 4 rations {!d}
 g - 3 chunks of flesh


   Skills:
 + Level 1.3 Fighting
 + Level 1.3 Short Blades
 + Level 1.3 Long Blades
 + Level 1.3 Axes
 + Level 1.3 Maces & Flails
 + Level 1.3 Polearms
 + Level 1.3 Staves
 + Level 1.3 Slings
 + Level 1.3 Bows
 + Level 1.3 Crossbows
 + Level 1.3 Throwing
 + Level 1.3 Armour
 + Level 4.7 Dodging
 + Level 4.7 Stealth
 + Level 1.3 Shields
 + Level 1.3 Unarmed Combat
 + Level 5.1 Spellcasting
 + Level 2.3 Conjurations
 + Level 1.1 Hexes
 + Level 1.1 Charms
 + Level 1.1 Summonings
 + Level 1.1 Necromancy
 + Level 1.1 Translocations
 + Level 1.1 Transmutations
 + Level 1.1 Fire Magic
 + Level 5.5 Ice Magic
 + Level 1.1 Air Magic
 + Level 1.1 Earth Magic
 + Level 1.1 Poison Magic
 + Level 1.5 Invocations
 + Level 1.3 Evocations


You had 13 spell levels left.
You knew the following spells:

 Your Spells              Type           Power        Failure   Level  Hunger
a - Freeze                Ice            ###...       1%          1    None

Your spell library contained the following spells:

 Spells                   Type           Power        Failure   Level  Hunger
 Throw Frost              Conj/Ice       ###...       1%          2    None
 Ozocubu's Armour         Chrm/Ice       ###.....     11%         3    ###....
 Throw Icicle             Conj/Ice       ###.....     28%         4    ####...
 Ice Form                 Ice/Tmut       ###.....     34%         4    ####...
 Summon Ice Beast         Ice/Summ       ###.....     34%         4    ####...


Dungeon Overview and Level Annotations

Branches:
Dungeon (3/12)

Altars:
Dithmenos

Annotations:
D:3 Robin


Innate Abilities, Weirdness & Mutations

Your experience applies equally to all skills.
You have very sharp teeth.
Your uncanny sense of smell can sniff out nearby items.


Message History

You freeze the gnoll!
You kill the gnoll!
The gnoll closely misses you.
Casting: Freeze (safe; 1% risk of failure)
Confirm with . or Enter, or press ? or * to list all spells.
Aiming: Freeze (safe; 1% risk of failure)
Press: ? - help, Shift-Dir - straight line, f - gnoll
Aim: a gnoll, wielding a +0 hand axe You miscast Freeze.
You are very lightly contaminated with residual magic.
Nothing appears to happen.
The gnoll completely misses you.
Casting: Freeze (safe; 1% risk of failure)
Confirm with . or Enter, or press ? or * to list all spells.
Aiming: Freeze (safe; 1% risk of failure)
Press: ? - help, Shift-Dir - straight line, f/p - gnoll
Aim: a gnoll, wielding a +0 hand axe You freeze the gnoll.
The gnoll is lightly wounded.
The gnoll hits you with a +0 hand axe!
You die...

#............. #..........#..
#..........>.... ############
##.####.#....#..#
#.....#.....###†<##........#.#
.............#)g##..#.##.#...#
.............))###.##.# ....#.
.............)##)g.##.###....(.
..............#.@####.........#
....>...............#.........#
....................#.#.)..##%.
..............#................
.......)...............##......
#.##.#.##.....##.......# ..####
##..#..##....##.......# ..#
#.#.#.#.##..###...##.......
##.#.#.#.##..###.######..##.#


You could see a gnoll.

Vanquished Creatures
  Terence (D:2)
  An adder (D:3)
  2 gnolls (D:3)
  2 worms
  A dart slug (D:1)
  2 leopard geckos (D:1)
  5 orcs
  A giant cockroach (D:3)
  10 goblins
  10 hobgoblins
  4 jackals (D:1)
  2 ball pythons (D:2)
  2 bats (D:2)
  5 kobolds
  12 rats
60 creatures vanquished.

Notes
Turn   | Place    | Note
-------+----------+-------------------------------------------
     0 | D:1      | Yshiel the Gnoll Ice Elementalist began the quest for the
                  | Orb.
     0 | D:1      | Reached XP level 1. HP: 13/13 MP: 6/6
   354 | D:1      | Reached XP level 2. HP: 8/19 MP: 4/7
   792 | D:1      | Reached XP level 3. HP: 25/25 MP: 9/9
   941 | D:2      | Reached skill level 5 in Spellcasting
  1292 | D:2      | Reached skill level 1 in Invocations
  1401 | D:2      | Noticed Terence
  1409 | D:2      | Killed Terence
  1410 | D:2      | Reached skill level 1 in Fighting
  1410 | D:2      | Reached skill level 1 in Short Blades
  1410 | D:2      | Reached skill level 1 in Long Blades
  1410 | D:2      | Reached skill level 1 in Axes
  1410 | D:2      | Reached skill level 1 in Maces & Flails
  1410 | D:2      | Reached skill level 1 in Polearms
  1410 | D:2      | Reached skill level 1 in Staves
  1410 | D:2      | Reached skill level 1 in Slings
  1410 | D:2      | Reached skill level 1 in Bows
  1410 | D:2      | Reached skill level 1 in Crossbows
  1410 | D:2      | Reached skill level 1 in Throwing
  1410 | D:2      | Reached skill level 1 in Armour
  1410 | D:2      | Reached skill level 1 in Shields
  1410 | D:2      | Reached skill level 1 in Unarmed Combat
  1410 | D:2      | Reached skill level 1 in Evocations
  1410 | D:2      | Reached XP level 4. HP: 26/32 MP: 4/11
  1627 | D:2      | Found a shadowy altar of Dithmenos.
  2087 | D:3      | Noticed Robin
  2119 | D:3      | Reached skill level 1 in Hexes
  2119 | D:3      | Reached skill level 1 in Charms
  2119 | D:3      | Reached skill level 1 in Summonings
  2119 | D:3      | Reached skill level 1 in Necromancy
  2119 | D:3      | Reached skill level 1 in Translocations
  2119 | D:3      | Reached skill level 1 in Transmutations
  2119 | D:3      | Reached skill level 1 in Fire Magic
  2119 | D:3      | Reached skill level 1 in Air Magic
  2119 | D:3      | Reached skill level 1 in Earth Magic
  2119 | D:3      | Reached skill level 1 in Poison Magic
  2338 | D:3      | Reached XP level 5. HP: 19/37 MP: 8/12
  2343 | D:3      | Slain by a gnoll

Skill      XL: |  1  2  3  4 |
---------------+-------------+-----
Conjurations   | 2 |  2.3
Spellcasting   | 5 |  5.1
Invocations    | 1 |  1.5
Fighting       | 1 |  1.3
Short Blades   | 1 |  1.3
Long Blades    | 1 |  1.3
Axes           | 1 |  1.3
Maces & Flails | 1 |  1.3
Polearms       | 1 |  1.3
Staves         | 1 |  1.3
Slings         | 1 |  1.3
Bows           | 1 |  1.3
Crossbows      | 1 |  1.3
Throwing       | 1 |  1.3
Armour         | 1 |  1.3
Shields        | 1 |  1.3
Unarmed Combat | 1 |  1.3
Evocations     | 1 |  1.3
Hexes          | 1 |  1.1
Charms         | 1 |  1.1
Summonings     | 1 |  1.1
Necromancy     | 1 |  1.1
Translocations | 1 |  1.1
Transmutations | 1 |  1.1
Fire Magic     | 1 |  1.1
Air Magic      | 1 |  1.1
Earth Magic    | 1 |  1.1
Poison Magic   | 1 |  1.1
Dodging        | |  4.7
Stealth        | |  4.7
Ice Magic      | |  5.5

Action                   |  1- 3 |  4- 6 || total
-------------------------+-------+-------++-------
Melee: Short sword       |    17 |       ||    17
       Bite              |     7 |     9 ||    16
       Dagger            |    51 |    76 ||   127
       Punch             |       |     1 ||     1
 Cast: Freeze            |    22 |    12 ||    34
  Use: Scroll            |     1 |     2 ||     3
 Stab: Sleeping          |     7 |     1 ||     8
  Eat: Chunk             |     4 |     5 ||     9
Armor: Robe              |     5 |     9 ||    14
Dodge: Dodged            |    61 |    71 ||   132
